 Dungeon Crawl Stone Soup version 0.17-a0-1475-g9f81d98 (webtiles) character file.

145 ztt the Conjurer (level 5, 0/28 HPs)
             Began as a Deep Elf Conjurer on July 2, 2015.
             Slain by a centaur skeleton (1 damage)
             ... on level 4 of the Dungeon.
             The game lasted 00:08:35 (2396 turns).

ztt the Conjurer (Deep Elf Conjurer)                Turns: 2396, Time: 00:08:35

Health: 0/28       AC:  2    Str:  5    XL:     5   Next: 6%
Magic:  9/13       EV: 13    Int: 21    God:
Gold:   122        SH:  0    Dex: 15    Spells: 5 memorised, 2 levels left

rFire  . . .     SeeInvis .     l - +1 dagger
rCold  . . .     Clarity  .     h - +0 robe (curse)
rNeg   . . .     SustAt   .     (no shield)
rPois  .         Gourm    .     (no helmet)
rElec  .         Spirit   .     (no cloak)
rCorr  .         Warding  .     (no gloves)
rMut   .         Stasis   .     (no boots)
MR     .....                    (no amulet)
Stlth  ++........               (no ring)
                                (no ring)

@: not resistant to hostile enchantments, unstealthy
A: no striking features
a: no special abilities


You were on level 4 of the Dungeon.
You were not hungry.

You visited 1 branch of the dungeon, and saw 4 of its levels.

You collected 122 gold pieces.

Inventory:

Hand weapons
 l - a +1 dagger (weapon)
Armour
 h - a cursed +0 robe (worn)
Magical devices
 i - a wand of fireball (14)
Scrolls
 d - 3 scrolls of remove curse
 m - a scroll of enchant weapon
Potions
 e - a potion of curing {unknown}
 f - a potion of heal wounds
 j - a potion of ambrosia {unknown}
 n - 2 potions of haste
Books
 b - a book of Conjurations

   Spells                             Type                      Level
   a - Magic Dart                     Conjuration                  1
   b - Searing Ray                    Conjuration                  2
   c - Dazzling Spray                 Conjuration/Hexes            3
   d - Fulminant Prism                Conjuration/Hexes            4
   e - Iskenderun's Mystic Blast      Conjuration                  4
   f - Iskenderun's Battlesphere      Conjuration/Charms           5
 k - a book of Beasts

   Spells                             Type                      Level
   a - Summon Butterflies             Summoning                    1
   b - Call Canine Familiar           Summoning                    3
   c - Summon Ice Beast               Ice/Summoning                4
   d - Summon Mana Viper              Hexes/Summoning              5
   e - Summon Hydra                   Summoning                    7
Comestibles
 c - 2 bread rations
 g - 2 meat rations
 p - 2 fruits


   Skills:
 + Level 2.8 Dodging
 + Level 2.6 Stealth
 + Level 4.4 Spellcasting
 + Level 6.2 Conjurations


You had 2 spell levels left.
You knew the following spells:

 Your Spells              Type           Power        Failure   Level  Hunger
a - Magic Dart            Conj           ####         1%          1    None
b - Searing Ray           Conj           ####..       1%          2    #......
c - Summon Butterflies    Summ           #.......     12%         1    None
d - Call Canine Familiar  Summ           #.......     34%         3    ##.....
e - Dazzling Spray        Conj/Hex       ###.....     12%         3    ##.....


Dungeon Overview and Level Annotations

Branches:
Dungeon (4/15)
 Temple: D:4-7

Altars:
Dithmenos


Message History

* * * LOW HITPOINT WARNING * * *
Unknown command.
You swap places.
The centaur skeleton misses your butterfly.
The centaur skeleton hits your butterfly.
Your butterfly dies!
Casting: Summon Butterflies
Confirm with . or Enter, or press ? or * to list all spells.
The centaur skeleton misses your butterfly.
The centaur skeleton closely misses your butterfly.
The centaur skeleton misses your butterfly.
The centaur skeleton hits you.
* * * LOW HITPOINT WARNING * * *
The centaur skeleton barely misses you.
You swap places.
You swap places.
You swap places.
The centaur skeleton hits you.
* * * LOW HITPOINT WARNING * * *
The centaur skeleton hits you.
You die...

..# ..
##.##
#...####
#.#.....
##..b####.#
#<....b....
#.#.$......
#@#.#####.#
#Z#b#
#.#.###...
#...b......
#...###.##.
#.b.# #....
##....
#.####


You could see a centaur skeleton.

Vanquished Creatures
  Ijyb (D:3)
  4 adders
  An ooze (D:2)
  2 worms
  A giant gecko (D:1)
  8 orcs (D:3)
  2 ball pythons
  3 giant cockroaches
  8 hobgoblins
  8 jackals
  6 bats
  3 giant newts (D:1)
  7 goblins
  6 kobolds
  A quokka (D:3)
  8 rats
69 creatures vanquished.

Notes
Turn   | Place    | Note
--------------------------------------------------------------
     0 | D:1      | ztt the Deep Elf Conjurer began the quest for the Orb.
     0 | D:1      | Reached XP level 1. HP: 10/10 MP: 6/6
   217 | D:1      | Reached XP level 2. HP: 15/15 MP: 5/8
   266 | D:1      | Reached skill level 5 in Conjurations
   298 | D:1      | Learned a level 2 spell: Searing Ray
   770 | D:2      | Reached XP level 3. HP: 19/19 MP: 5/9
   842 | D:2      | Found a faded altar to an unknown god.
  1575 | D:3      | Reached XP level 4. HP: 24/24 MP: 7/11
  1578 | D:3      | Learned a level 1 spell: Summon Butterflies
  1581 | D:3      | Noticed Ijyb
  1582 | D:3      | Learned a level 3 spell: Call Canine Familiar
  1586 | D:3      | Learned a level 3 spell: Dazzling Spray
  1853 | D:3      | Killed Ijyb
  1853 | D:3      | Reached skill level 6 in Conjurations
  1950 | D:3      | Reached XP level 5. HP: 28/28 MP: 0/13
  2264 | D:3      | Found a shadowy altar of Dithmenos.
  2393 | D:4      | HP: 1/28 [centaur skeleton (4)]
  2396 | D:4      | Slain by a centaur skeleton

Vault maps used:
D:1:      minmay_arrival_solitary_statue
D:2:      serial_glass, glass_columns_b, glass_columns_b, ecumenical_altar_2
D:3:      overflow_temple_1_default, uniq_iyjb
D:4:      minmay_opposing_rooms, minmay_cut_off

Action                   |  1- 3 |  4- 6 || total
-------------------------+-------+-------++-------
Melee: Unarmed           |     1 |       ||     1
 Cast: Magic Dart        |    80 |    66 ||   146
       Summon Butterflie |       |     2 ||     2
  Use: Scroll            |     8 |       ||     8
  Eat: Chunk             |     1 |     3 ||     4
